 Dungeon Sprint DCSS version 0.19-a0-1686-g35356ef (webtiles) character file.

140509 Groucho the Slayer (level 16, 0/122 HPs)
             Began as a Gargoyle Gladiator on Sept 25, 2016.
             Was the Champion of Okawaru.
             Killed from afar by Ilsuiw (43 damage)
             ... with a shard of ice
             ... in the Dungeon (Sprint IX: "|||||||||||||||||||||||||||||").
             The game lasted 00:18:36 (6595 turns).

Groucho the Slayer (Gargoyle Gladiator)             Turns: 6595, Time: 00:18:36

Health: 0/122      AC: 49    Str: 26    XL:     16   Next: 14%
Magic:  36/36      EV: 23    Int:  9    God:    Okawaru [******]
Gold:   841        SH:  0    Dex: 10    Spells: 0 memorised, 15 levels left

rFire  + + .     SeeInvis .     b - +2 great mace of Might {freeze, rF++ rN++ MP+9}
rCold  . . .     Gourm    .     E - +0 shadow dragon armour
rNeg   + + +     Faith    .     (shield currently unavailable)
rPois  ∞         Spirit   .     c - +0 helmet
rElec  +         Dismiss  .     v - +2 cloak {rPois}
rCorr  .         Reflect  .     a - +0 pair of gloves
MR     +....     Harm     .     y - +0 pair of boots
Stlth  ++++...... NoTele   +    n - amulet of regeneration
                                J - +4 ring of evasion
                                I - +4 ring of protection

@: heroism
A: big wings, negative energy resistance 1, electricity resistance, unbreathing,
petrification resistance, rot immunity, AC +11
a: Fly, Heroism, Finesse, Renounce Religion
}: 3/15 runes: decaying, serpentine, gossamer


You were in the Dungeon.
You worshipped Okawaru.
Okawaru was exalted by your worship.
You were not hungry.

You visited 1 branch You collected 1928 gold pieces.
You spent 1087 gold pieces at shops.

Inventory:

Hand Weapons
 b - the +2 great mace of Might (weapon) {freeze, rF++ rN++ MP+9}
   (Okawaru gifted it to you in the Dungeon)

   It has been specially enchanted to freeze those struck by it, causing extra
   injury to most foes and up to half again as much damage against particularly
   susceptible opponents.
   It can also slow down cold-blooded creatures.
   It greatly protects you from fire.
   It greatly protects you from negative energy.
   It affects your magic capacity (+9).
Missiles
 d - a throwing net
 q - 6 poisoned tomahawks
 B - 4 javelins
 F - 8 javelins of returning
 G - 2 silver javelins
 H - 7 steel tomahawks (quivered)
Armour
 a - a +0 pair of gloves (worn)
 c - a +0 helmet (worn)
 v - a +2 cloak of poison resistance (worn)
 y - a +0 pair of boots (worn)
 E - a +0 shadow dragon armour (worn)
Jewellery
 n - an amulet of regeneration (around neck)
 o - a +3 ring of dexterity
 p - a +3 ring of dexterity
 I - a +4 ring of protection (left hand)
 J - a +4 ring of evasion (right hand)
Wands
 m - a wand of iceblast (7/15)
Scrolls
 j - 3 scrolls of remove curse
 k - 4 scrolls of blinking
 l - 2 scrolls of amnesia
 s - 9 scrolls of enchant weapon
 t - 9 scrolls of recharging
 u - 2 scrolls of fog
 w - 4 scrolls of enchant armour
 D - 3 scrolls of identify
 M - a scroll of fear
Potions
 e - 8 potions of curing
 f - 3 potions of agility
 g - a potion of invisibility
 h - 9 potions of heal wounds
 i - 4 potions of magic
 r - 2 potions of might
 C - 2 potions of berserk rage
 K - a potion of resistance
 L - a potion of cure mutation
Comestibles
 x - 40 fruits
 z - 10 bread rations
 A - 10 meat rations


   Skills:
 * Level 21.7(26.7) Fighting
 * Level 20.7(25.7) Maces & Flails
 + Level 14.0(19.0) Throwing
 * Level 21.6(26.6) Armour
 * Level 17.7(22.7) Dodging
 + Level 15.9 Invocations


You had 15 spell levels left.
You didn't know any spells.

Dungeon Overview and Level Annotations

Branches:
Dungeon (1/1)

Altars:
Cheibriados
Dithmenos
Elyvilon
Fedhas
Gozag
Hepliaklqana
Kikubaaqudgha
Makhleb
Nemelex Xobeh
Okawaru
Qazlal
Ru
Sif Muna
Trog
Uskayaw
Vehumet
Xom
Yredelemnul
Zin
The Shining One
Beogh
Jiyva
Lugonu

Shops:
D *%(*

Annotations:
D Ilsuiw


Innate Abilities, Weirdness & Mutations

You are resistant to torment.
Your stone body is resilient. (AC +11)
You are immune to poison.
Your large and strong wings let you fly indefinitely.
You resist negative energy. (rN+)
You are resistant to electric shocks. (rElec)
You can survive without breathing.
You are immune to petrification.
You are immune to rotting.


Message History

Okawaru accepts your kill.
Your base Throwing skill increases to level 14!
Ilsuiw gestures wildly while chanting.
A merfolk aquamancer comes into view. It is wielding a rapier of protection.
Unknown command.
Unknown command.
The merfolk aquamancer shouts!
You sock the water elemental! You freeze the water elemental.
The water elemental is heavily damaged.
Ilsuiw barely misses you.
You barely miss the water elemental.
The water elemental is heavily damaged.
The water elemental hits you.
Unknown command.
You pound the water elemental like an anvil!!!
You freeze the water elemental.
You destroy the water elemental!
Ilsuiw points at you and mumbles some strange words.
The shard of ice hits you!
You die...

▓▓▓▓▓▓▓▓▓▓▓▓▓▓▓▓▓▓▓▓▓▓▓▓
'(......(.(...()@)mmmmmm
▓▓▓▓▓▓▓▓▓▓▓▓▓▓▓▓▓▓▓▓▓▓▓▓▓▓▓▓▓▓▓▓▓
.................................
▓▓▓▓▓▓▓▓▓▓▓▓▓▓▓▓▓▓▓▓▓▓▓▓▓▓▓▓▓▓▓▓.
[[....................'..........
▓▓▓▓▓▓▓▓▓▓▓▓▓▓▓▓▓▓▓▓▓▓▓▓▓▓▓▓▓▓▓▓▓
.................................
▓▓▓▓▓▓▓▓▓▓▓▓▓▓▓▓▓▓▓▓▓▓▓▓▓▓▓▓▓▓▓▓.
.+[)))))))())))))......'.........


You could see Ilsuiw, a merfolk impaler, 3 merfolk javelineers and a merfolk
aquamancer.

Vanquished Creatures
  A greater mummy (D)
  A deep elf blademaster (D)
  A shadow dragon (D)
  6 greater nagas (D)
  6 emperor scorpions (D)
  A ghost moth (D)
  2 vault wardens (D)
  An ironheart preserver (D)
  2 very ugly things (D)
  6 stone giants (D)
  Azrael (D)
  2 vampire knights (D)
  2 spark wasps (D)
  A crystal guardian (D)
  2 merfolk javelineers (D)
  A merfolk impaler (D)
  A fire dragon (D)
  A yaktaur captain (D)
  A deep elf high priest (D)
  3 ogre magi (D)
  4 naga warriors (D)
  2 great orbs of eyes (D)
  A catoblepas (D)
  2 centaur warriors (D)
  2 hydras (D)
  A rakshasa (D)
  A ghost crab (D)
  Erica (D)
  2 merfolk aquamancers (D)
  A satyr (D)
  A deep troll shaman (D)
  An alligator (D)
  An orc high priest (D)
  Urug (D)
  5 death yaks (D)
  A deep troll earth mage (D)
  A spriggan berserker (D)
  A shock serpent (D)
  A deep elf knight (D)
  A naga sharpshooter (D)
  A shadow wraith (D)
  7 swamp dragons (D)
  A hell knight (D)
  A necromancer (D)
  4 hill giants (D)
  A naga ritualist (D)
  4 orc knights (D)
  A cyclops (D)
  A hornet (D)
  An orb spider (shapeshifter) (D)
  An ironbrand convoker (D)
  An orc sorcerer (D)
  4 wolf spiders (D)
  2 moths of wrath (D)
  2 ugly things (D)
  3 manticores (D)
  Maurice (D)
  4 guardian serpents (D)
  2 naga magi (D)
  A black mamba (D)
  A siren (D)
  3 vault sentinels (D)
  2 water nymphs (D)
  2 rime drakes (D)
  2 spiny frogs (D)
  A komodo dragon (D)
  3 demonic crawlers (D)
  3 yaktaurs (D)
  A freezing wraith (D)
  3 jumping spiders (D)
  A troll (D)
  2 tyrant leeches (D)
  7 two-headed ogres (D)
  A bog body (D)
  2 hippogriffs (D)
  2 redbacks (D)
  3 yaks (D)
  3 fire elementals (D)
  2 water elementals (D)
  A vampire mosquito (D)
  A mottled dragon (D)
  2 nagas (D)
  An insubstantial wisp (D)
  2 water moccasins (D)
  2 porcupines (D)
  3 hell hounds (D)
  2 ice beasts (D)
  5 swamp drakes (D)
  8 orc warriors (D)
  A sky beast (D)
  6 ogres (D)
  A centaur (D)
  A crocodile (D)
  A bullfrog (D)
  A wight (D)
  A crimson imp (D)
  A quasit (D)
  2 orc priests (D)
  6 orc wizards (D)
  4 iguanas (D)
  An adder (D)
  A river rat (D)
  An adder zombie (D)
  2 leopard geckos (D)
  9 orcs (D)
  A bat (D)
  2 giant cockroaches (D)
  A goblin (D)
230 creatures vanquished.

Vanquished Creatures (others)
  A spiny frog (D)
1 creature vanquished.

Grand Total: 231 creatures vanquished

Notes
Turn   | Place    | Note
-------+----------+-------------------------------------------
     0 | D        | Groucho the Gargoyle Gladiator began the quest for the Orb.
     0 | D        | Reached XP level 1. HP: 12/12 MP: 1/1
     8 | D        | Reached skill level 1 in Armour
    14 | D        | Reached XP level 2. HP: 17/18 MP: 2/2
    25 | D        | Noticed an ice beast
    25 | D        | Noticed a crimson imp
    45 | D        | Killed an ice beast
    45 | D        | Reached XP level 3. HP: 22/25 MP: 3/3
    45 | D        | Reached XP level 4. HP: 27/30 MP: 4/4
    50 | D        | Reached skill level 5 in Fighting
    50 | D        | Reached XP level 5. HP: 32/35 MP: 5/5
    64 | D        | Found a roughly hewn altar of Beogh.
    64 | D        | Found a snail-covered altar of Cheibriados.
    64 | D        | Found a shadowy altar of Dithmenos.
    64 | D        | Found a white marble altar of Elyvilon.
    64 | D        | Found a blossoming altar of Fedhas.
    64 | D        | Found an opulent altar of Gozag.
    65 | D        | Found a hazy altar of Hepliaklqana.
    66 | D        | Found a viscous altar of Jiyva.
    67 | D        | Found an ancient bone altar of Kikubaaqudgha.
    68 | D        | Found a corrupted altar of Lugonu.
    69 | D        | Found a burning altar of Makhleb.
    70 | D        | Found a sparkling altar of Nemelex Xobeh.
    71 | D        | Found an iron altar of Okawaru.
    72 | D        | Found a stormy altar of Qazlal.
    73 | D        | Found a sacrificial altar of Ru.
    74 | D        | Found a deep blue altar of Sif Muna.
    75 | D        | Found a bloodstained altar of Trog.
    76 | D        | Found a hide-covered altar of Uskayaw.
    77 | D        | Found a radiant altar of Vehumet.
    78 | D        | Found a shimmering altar of Xom.
    79 | D        | Became a worshipper of Warmaster Okawaru
    80 | D        | Found a basalt altar of Yredelemnul.
    81 | D        | Found a glowing silver altar of Zin.
    82 | D        | Found a glowing golden altar of the Shining One.
   408 | D        | Noticed a troll
   408 | D        | Noticed a hill giant
   412 | D        | Killed a troll
   412 | D        | Reached skill level 5 in Dodging
   412 | D        | Reached XP level 6. HP: 34/42 MP: 5/8
   420 | D        | Killed a hill giant
   420 | D        | Reached * piety under Okawaru
   420 | D        | Reached ** piety under Okawaru
   420 | D        | Reached XP level 7. HP: 23/50 MP: 5/10
   428 | D        | Reached XP level 8. HP: 54/55 MP: 6/11
   667 | D        | Noticed a hill giant
   681 | D        | Killed a hill giant
   681 | D        | Reached skill level 10 in Maces & Flails
   681 | D        | Reached skill level 5 in Invocations
   683 | D        | Reached *** piety under Okawaru
   683 | D        | Reached skill level 5 in Throwing
   693 | D        | Received a gift from Okawaru
   693 | D        | Reached XP level 9. HP: 46/62 MP: 11/13
   981 | D        | Noticed a spiny frog
   981 | D        | Noticed a spiny frog
   984 | D        | Killed a spiny frog
   984 | D        | Reached skill level 10 in Fighting
   987 | D        | Reached skill level 10 in Armour
  1012 | D        | Killed a spiny frog
  1012 | D        | Reached **** piety under Okawaru
  1032 | D        | Noticed a rime drake
  1032 | D        | Noticed a death yak
  1039 | D        | Noticed a rime drake
  1050 | D        | Noticed a komodo dragon
  1063 | D        | Killed a death yak
  1063 | D        | Reached ***** piety under Okawaru
  1063 | D        | Reached XP level 10. HP: 38/70 MP: 15/15
  1087 | D        | Received a gift from Okawaru
  1509 | D        | Noticed a catoblepas
  1509 | D        | Noticed a death yak
  1509 | D        | Noticed a death yak
  1509 | D        | Noticed a death yak
  1510 | D        | Noticed a death yak
  1521 | D        | Killed a catoblepas
  1521 | D        | Received a gift from Okawaru
  1528 | D        | Killed a death yak
  1528 | D        | Reached skill level 10 in Dodging
  1540 | D        | Killed a death yak
  1540 | D        | Received a gift from Okawaru
  1540 | D        | Reached XP level 11. HP: 66/76 MP: 15/17
  1549 | D        | Killed a death yak
  1561 | D        | Killed a death yak
  1960 | D        | Noticed Urug
  1973 | D        | Killed Urug
  2369 | D        | Noticed an orc knight
  2387 | D        | Killed an orc knight
  2468 | D        | Noticed an orc sorcerer
  2468 | D        | Noticed an orc high priest
  2489 | D        | Killed an orc sorcerer
  2497 | D        | Killed an orc high priest
  2505 | D        | Noticed an orc knight
  2539 | D        | Killed an orc knight
  2669 | D        | Found Vurec's General Store.
  2669 | D        | Noticed an ogre mage
  2678 | D        | Killed an ogre mage
  2678 | D        | Received a gift from Okawaru
  2684 | D        | Found Ruyscheida's Food Shoppe.
  2690 | D        | Reached XP level 12. HP: 85/85 MP: 12/19
  2691 | D        | Found Xihol's Weapon Emporium.
  2706 | D        | Got an iridescent great mace {god gift}
  2707 | D        | Identified the +2 great mace of Might {freeze, rF++ rN++ MP+9} (Okawaru gifted it to you in the Dungeon)
  3074 | D        | Found Kimewk's Assorted Antiques.
  3090 | D        | Reached skill level 10 in Invocations
  3137 | D        | Bought a potion of heal wounds for 135 gold pieces
  3137 | D        | Bought a scroll labeled HYNILI JAFAM for 27 gold pieces
  3137 | D        | Bought a glowing inky potion for 24 gold pieces
  3137 | D        | Bought a runed coral ring for 135 gold pieces
  3137 | D        | Bought an iridescent great mace for 310 gold pieces
  3137 | D        | Bought 2 potions of agility for 216 gold pieces
  3137 | D        | Bought a runed coral ring for 135 gold pieces
  3137 | D        | Bought a scroll labeled HYNILI JAFAM for 27 gold pieces
  3143 | D        | Bought a scroll of identify for 26 gold pieces
  3143 | D        | Bought a scroll of identify for 26 gold pieces
  3143 | D        | Bought a scroll of identify for 26 gold pieces
  3147 | D        | Identified the +1 great mace "Fifeckon" {crush, rPois MR+ Dex+4} (You bought it in a shop in the Dungeon)
  3229 | D        | Noticed Maurice
  3235 | D        | Killed Maurice
  3239 | D        | Noticed Erica
  3249 | D        | Killed Erica
  3360 | D        | Noticed a centaur warrior
  3378 | D        | Noticed a great orb of eyes
  3380 | D        | Killed a centaur warrior
  3381 | D        | Noticed a stone giant
  3385 | D        | Reached skill level 15 in Fighting
  3390 | D        | Noticed a centaur warrior
  3395 | D        | Reached skill level 15 in Armour
  3399 | D        | Killed a great orb of eyes
  3400 | D        | Noticed a rakshasa
  3401 | D        | Noticed a deep troll shaman
  3406 | D        | Killed a stone giant
  3406 | D        | Received a gift from Okawaru
  3406 | D        | Reached skill level 15 in Maces & Flails
  3407 | D        | Noticed a stone giant
  3408 | D        | Noticed a stone giant
  3415 | D        | Received a gift from Okawaru
  3421 | D        | Killed a centaur warrior
  3425 | D        | Killed a rakshasa
  3428 | D        | Killed a deep troll shaman
  3431 | D        | Killed a stone giant
  3431 | D        | Received a gift from Okawaru
  3435 | D        | Killed a stone giant
  3435 | D        | Reached skill level 10 in Throwing
  3435 | D        | Reached XP level 13. HP: 90/93 MP: 21/21
  3566 | D        | Received a gift from Okawaru
  3602 | D        | Received a gift from Okawaru
  3619 | D        | Noticed a spark wasp
  3619 | D        | Noticed a spark wasp
  3629 | D        | Killed a spark wasp
  3639 | D        | Killed a spark wasp
  3639 | D        | Reached ****** piety under Okawaru
  3639 | D        | Received a gift from Okawaru
  3643 | D        | Received a gift from Okawaru
  3682 | D        | Noticed a merfolk impaler
  3697 | D        | Received a gift from Okawaru
  3728 | D        | Killed a merfolk impaler
  3731 | D        | Received a gift from Okawaru
  3734 | D        | Got an iridescent great mace {god gift}
  3748 | D        | Identified the +1 great mace of the Establishment {speed, rC- rN+ Str+7} (Okawaru gifted it to you in the Dungeon)
  4428 | D        | Noticed a stone giant
  4428 | D        | Noticed a deep elf high priest
  4431 | D        | Noticed a yaktaur captain
  4438 | D        | Killed a stone giant
  4439 | D        | Noticed a shadow dragon
  4442 | D        | Noticed a vampire knight
  4445 | D        | Received a gift from Okawaru
  4451 | D        | Noticed a great orb of eyes
  4456 | D        | Gained mutation: Your large and strong wings let you fly indefinitely. [Gargoyle growth]
  4456 | D        | Reached XP level 14. HP: 77/103 MP: 23/23
  4457 | D        | Noticed a green very ugly thing
  4474 | D        | Killed a shadow dragon
  4477 | D        | Noticed a cyan very ugly thing
  4477 | D        | Killed a vampire knight
  4479 | D        | Noticed a vampire knight
  4481 | D        | Killed a green very ugly thing
  4491 | D        | Noticed a stone giant
  4494 | D        | Killed a cyan very ugly thing
  4500 | D        | Paralysed by a vampire knight for 5 turns
  4512 | D        | Killed a vampire knight
  4516 | D        | Killed a stone giant
  4516 | D        | Reached skill level 15 in Dodging
  4835 | D        | Noticed a vault warden
  4852 | D        | Received a gift from Okawaru
  4853 | D        | Noticed a vault warden
  4864 | D        | Killed a vault warden
  4874 | D        | Noticed a stone giant
  4878 | D        | Noticed an ironheart preserver
  4879 | D        | Killed a vault warden
  4900 | D        | Killed an ironheart preserver
  4901 | D        | Killed a stone giant
  4927 | D        | Noticed a greater mummy
  4927 | D        | Noticed a deep elf blademaster
  4934 | D        | Noticed an emperor scorpion
  4938 | D        | Reached XP level 15. HP: 85/111 MP: 25/25
  4962 | D        | Killed a deep elf blademaster
  4969 | D        | Noticed an emperor scorpion
  4980 | D        | Killed a greater mummy
  5361 | D        | Got a pair of bloodstained boots {god gift}
  5372 | D        | Identified the -4 pair of boots "Miurchi" {+Fly rF- rN+ Dex+2} (Okawaru gifted it to you in the Dungeon)
  5730 | D        | Noticed Azrael
  5752 | D        | Killed Azrael
  5752 | D        | Received a gift from Okawaru
  5935 | D        | Got a decaying rune of Zot
  5953 | D        | Noticed a greater naga
  5953 | D        | Noticed a greater naga
  5953 | D        | Noticed a greater naga
  5953 | D        | Noticed a greater naga
  5954 | D        | Noticed a greater naga
  5963 | D        | Killed a greater naga
  5967 | D        | Killed a greater naga
  5972 | D        | Killed a greater naga
  5976 | D        | Killed a greater naga
  5976 | D        | Reached skill level 15 in Invocations
  5982 | D        | Noticed a greater naga
  5989 | D        | Killed a greater naga
  6014 | D        | Killed a greater naga
  6023 | D        | Got a serpentine rune of Zot
  6076 | D        | Noticed an emperor scorpion
  6076 | D        | Noticed an emperor scorpion
  6076 | D        | Noticed an emperor scorpion
  6095 | D        | Killed an emperor scorpion
  6095 | D        | Received a gift from Okawaru
  6096 | D        | Noticed an emperor scorpion
  6104 | D        | Killed an emperor scorpion
  6105 | D        | Noticed an emperor scorpion
  6111 | D        | Killed an emperor scorpion
  6121 | D        | Killed a ghost moth
  6131 | D        | Killed an emperor scorpion
  6131 | D        | Reached XP level 16. HP: 121/121 MP: 2/27
  6157 | D        | Got a gossamer rune of Zot
  6577 | D        | Noticed Ilsuiw
  6579 | D        | Received a gift from Okawaru
  6595 | D        | Killed from afar by Ilsuiw

Vault maps used:
D:        linesprint

Skill      XL: |  1  2  3  4  5  6  7  8  9 10 11 12 13 14 15 16 |
---------------+-------------------------------------------------+-----
Armour         | 1 4 6 8 9 11 12 14 15 17 19 21 | 21.6
Fighting       | 4 5 6 8 9 11 12 14 15 17 19 21 | 21.7
Maces & Flails | 6 7 8 9 10 11 12 14 15 17 18 20 | 20.7
Dodging        | 4 5 6 7 9 10 11 12 14 15 17 | 17.7
Throwing       | 3 4 5 6 7 8 10 11 12 13 14 | 14.0
Invocations    | 2 4 5 7 8 9 11 12 14 15 | 15.9

Action                   |  1- 3 |  4- 6 |  7- 9 | 10-12 | 13-15 | 16-18 || total
-------------------------+-------+-------+-------+-------+-------+-------++-------
Melee: Flail             |    29 |    12 |       |       |       |       ||    41
       Dire flail        |       |    12 |    97 |   214 |       |       ||   323
       Great mace        |       |       |       |    84 |   516 |    36 ||   636
Throw: Tomahawk          |       |       |       |     6 |    24 |       ||    30
       Throwing net      |       |       |       |     1 |     2 |       ||     3
Invok: Heroism           |       |       |     4 |    10 |    13 |     1 ||    28
       Finesse           |       |       |       |     5 |     8 |       ||    13
  Use: Potion            |     3 |       |     1 |     2 |     2 |       ||     8
       Scroll            |       |       |       |     3 |       |       ||     3
 Stab: Sleeping          |       |       |     1 |       |     1 |       ||     2
       Confused          |       |       |       |       |     2 |       ||     2
       Distracted        |       |       |       |       |     1 |       ||     1
  Eat: Bread ration      |       |       |     1 |       |     1 |     1 ||     3
       Meat ration       |       |       |       |     1 |     1 |       ||     2
Armor: Leather armour    |     7 |     2 |       |       |       |       ||     9
       Ring mail         |       |     2 |    26 |    19 |       |       ||    47
       Plate armour      |       |       |       |    21 |       |       ||    21
       Shadow dragon arm |       |       |       |    12 |   169 |    18 ||   199
Dodge: Dodged            |    14 |     9 |    58 |    98 |   253 |    24 ||   456
